 Dungeon Crawl Stone Soup version 0.27-a0-1081-ge8a0a9c698 (webtiles) character file.

Game seed: 17357530982638980332

107 spiderkeys the Caller (level 4, -1/37 HPs)
             Began as a Tengu Summoner on Apr 26, 2021.
             Slain by an orc wizard
             ... wielding a +0 falchion
              (5 damage)
             ... on level 4 of the Dungeon.
             The game lasted 00:11:41 (4133 turns).

spiderkeys the Caller (Tengu Summoner)              Turns: 4133, Time: 00:11:42

Health: -1/37      AC:  6    Str:  9    XL:     4   Next: 85%
Magic:  9/9        EV: 11    Int: 16    God:
Gold:   166        SH:  0    Dex: 14    Spells: 4/8 levels left

rFire    . . .     SeeInvis .   o - +0 trident
rCold    . . .     Faith    .   h - +1 buckler {AC+3}
rNeg     . . .     Spirit   .   l - +0 leather armour
rPois    .         Reflect  .   (helmet restricted)
rElec    .         Harm     .   (no cloak)
rCorr    .         Rampage  .   (no gloves)
Will     .....                  (boots unavailable)
Stlth    ..........             A - amulet of the acrobat
HPRegen  0.12/turn              (no ring)
MPRegen  0.11/turn              (no ring)

@: confused, berserking, flying, very quick
A: beak, talons 3
a: no special abilities


You were on level 4 of the Dungeon.
You visited 1 branch of the dungeon, and saw 4 of its levels.

You collected 166 gold pieces.


Innate Abilities, Weirdness & Mutations

You have a beak for a mouth.
You have claws for feet.


   Skills:
 + Level 1.6 Fighting
 * Level 1.5 Polearms
 + Level 0.7 Armour
 - Level 2.8 Dodging
 - Level 2.0 Stealth
 + Level 0.6 Shields
 + Level 2.6 Spellcasting
 + Level 5.3 Summonings


You had 4 spell levels left.
You knew the following spells:

 Your Spells              Type           Power      Damage    Failure   Level
a - Animate Skeleton      Necr           4%         N/A       38%         1
c - Call Imp              Summ           19%        N/A       7%          2
z - Summon Small Mammal   Summ           76%        N/A       4%          1

Your spell library contained the following spells:

 Spells                   Type           Power      Damage    Failure   Level
 Call Canine Familiar     Summ           19%        N/A       14%         3
 Apportation              Tloc           4%         N/A       38%         1
 Corona                   Hex            2%         N/A       38%         1
 Pain                     Necr           8%         1d4       38%         1
 Summon Guardian Golem    Hex/Summ       10%        N/A       38%         3
 Vampiric Draining        Necr           1%         2d6       77%         3
 Summon Ice Beast         Ice/Summ       10%        N/A       80%         4
 Summon Lightning Spire   Summ/Air       10%        N/A       80%         4
 Animate Dead             Necr           1%         N/A       99%         4
 Agony                    Necr           2%         N/A       100%        5

Inventory:

Hand Weapons
 o - a +0 trident (weapon)
   (You found it on level 3 of the Dungeon)
Missiles
 c - 14 arrows
 d - 71 stones
 f - 6 boomerangs
Armour
 h - a +1 buckler of protection (worn)
   (You acquired it on level 2 of the Dungeon)
 j - a +0 chain mail
   (You found it on level 3 of the Dungeon)
 l - a +0 leather armour (worn)
   (You found it on level 2 of the Dungeon)
Magical Staves
 a - a staff of death {!a}
   (You found it on level 3 of the Dungeon)
Jewellery
 A - an amulet of the acrobat (around neck)
   (You found it on level 1 of the Dungeon)
 T - an amulet of faith {!P}
   (You found it on level 1 of the Dungeon)
Scrolls
 e - 2 scrolls of teleportation {unknown}
 g - a scroll of fog
Potions
 b - a potion of magic

Dungeon Overview and Level Annotations

Branches:
Dungeon (4/15)             Temple (0/1) D:4

Altars:
Nemelex Xobeh

######### ........#
#######.##########
..................
#######.##..###.#.###
#.##..##.###..
#.##..##oo#.#
#.##..##.#@#
#.##†.##o#{###..#
#.#.......5o......
#...#...)#...#...#
###......#.⌠.# .#
#### ###..###...#
.... #... ...... ####
.....⌠..>..⌠.
...............


You could see an orc wizard, 2 orcs and a friendly white imp (summoned,
confused).


Message History

The orc wizard casts a spell at you.
Your white imp appears confused.
Your white imp hits the orc wizard.
Your white imp freezes the orc wizard.
The orc wizard hits your white imp with a +0 dagger.
Reach: o) +0 trident
Press: ? - help, Dir - move target, f/p - orc wizard
Aim: an orc wizard, wielding a +0 dagger and wearing a +0 robe (almost dead, ally target, about 53% to evade your +0 trident)
You reach to attack!
You hit the orc wizard.
You kill the orc wizard!
An orc wizard comes into view. It is wielding a +0 dagger of freezing.
The orc wizard gestures at itself while chanting.
The orc wizard flickers and vanishes!
Deactivating autopickup; reactivate with Ctrl-A.
You swap places.
The orc wizard gestures at you while chanting.
Your white imp resists with significant effort.
You are confused.
The orc throws a stone.
The stone closely misses you.
Are you sure you want to stumble around while confused and next to your iron imp?
Okay, then.
The orc throws a stone.
The stone completely misses you.
The orc throws a stone.
The stone barely misses you.
It was a potion of magic.
Magic courses through your body.
Something hits your iron imp but does no damage. 😨 MP[+4]
Your mp is fully restored (9).
It was a potion of flight.
You feel very buoyant.
You fly up into the air.
Something hits your iron imp.
It was a potion of curing.
You feel better.
Your white imp closely misses something.
You hear some strange, mumbled words.
Your iron imp appears confused. 😮 HP[+7]
You regained 7 hp, and now have 14/25 hp.
You hit the orc but do no damage. You claw the orc, but do no damage.
You hear some strange, mumbled words.
Your iron imp appears confused. 😮 HP[+1]
You swap places.
Something hits you.
Your iron imp hits the orc but does no damage.
The orc hits your iron imp with a +0 hand axe. 😮 HP[-1]
You take 1 damage, and now have 14/25 hp.
You miss something. Your peck misses something. Something hits you.
Your iron imp barely misses you. 😮 HP[-1]
You take 1 damage, and now have 13/25 hp.
You barely miss something.
You hear some strange, mumbled words.
A puff of flame appears from out of thin air!
The puff of flame hits you.
* * * LOW HITPOINT WARNING * * *
Something hits your iron imp.
Your iron imp misses you.
You block something's attack.
The orc wizard hits your iron imp but does no damage. 😨 HP[-6]
You take 6 damage, and now have 7/25 hp.
MASSIVE DAMAGE!! (PAUSE)
You miss something. Your peck misses something. Something hits your iron imp.
Your white imp misses something.
Your iron imp hits the orc wizard.
Something hits you.
* * * LOW HITPOINT WARNING * * *
The orc wizard hits your iron imp but does no damage.
Something barely misses your iron imp. 😱 HP[-3]
You take 3 damage, and now have 4/25 hp.
You hit something but do no damage.
Your white imp closely misses something.
You hear some strange, mumbled words.
You are confused.
Your iron imp hits the orc wizard but does no damage.
The orc wizard hits your iron imp but does no damage.
Something barely misses your iron imp.
It was a potion of berserk rage.
A red film seems to cover your vision as you go berserk!
You feel yourself moving faster!
You feel mighty! Something hits you.
* * * LOW HITPOINT WARNING * * *
The orc wizard hits your iron imp but does no damage.
Something barely misses your iron imp.
You now have 37 max hp (+12).
Are you sure you want to stumble around while confused and next to your iron imp? [Y]es or [N]o only, please.
Are you sure you want to stumble around while confused and next to your iron imp?
You miss something. Your kick misses something. Your peck misses something.
Something hits you but does no damage.
The orc wizard hits your iron imp but does no damage.
Something barely misses your iron imp.
An orc comes into view. It is wielding a +0 dagger.
Are you sure you want to stumble around while confused and next to your iron imp?
You bump into the rock wall.
Your white imp barely misses the orc.
Something hits you.
* * * LOW HITPOINT WARNING * * *
The orc wizard hits your iron imp but does no damage.
Are you sure you want to stumble around while confused and next to your iron imp?
You completely miss your iron imp.
Your iron imp disappears in a puff of smoke!
The orc hits your white imp but does no damage.
Your white imp barely misses the orc.
Something hits you.
You die...

Skill      XL: |  1  2  3  4 |
---------------+-------------+-----
Summonings     | 5 |  5.3
Fighting       | 1 |  1.6
Polearms       | 1 |  1.5
Armour         | |  0.7
Dodging        | |  2.8
Stealth        | |  2.0
Shields        | |  0.6
Spellcasting   | |  2.6

Action                   |  1- 3 |  4- 6 || total
-------------------------+-------+-------++-------
Melee: Unarmed           |     6 |       ||     6
       Kick              |     6 |     4 ||    10
       Whip              |    42 |       ||    42
       Peck              |     6 |     4 ||    10
       Spear             |    12 |    16 ||    28
       Trident           |       |    21 ||    21
 Cast: Summon Small Mamm |    70 |     2 ||    72
       Call Imp          |     4 |     4 ||     8
  Use: Scroll            |     4 |     1 ||     5
       Potion            |       |     4 ||     4
 Stab: Sleeping          |       |     1 ||     1
Armor: Robe              |    21 |       ||    21
       Leather armour    |     3 |     6 ||     9
Dodge: Dodged            |    74 |    17 ||    91
Block: Buckler           |     3 |     6 ||     9

Levels and vault maps discovered:
D:1:      dpeg_arrival_shelter, layout_basic, basic_ecumenical_altar,
          hangedman_decor_growths
D:2:      layout_rooms
D:3:      layout_loops_ring, lemuel_doored_altar
D:4:      layout_loops_ring, minmay_temple_entry_junction_2

Notes
Turn   | Place    | Note
-------+----------+-------------------------------------------
     0 | D:1      | spiderkeys the Tengu Summoner began the quest for the Orb.
     0 | D:1      | Reached XP level 1. HP: 10/10 MP: 4/4
     0 | D:1      | magus.rc [v1.9.10]
     1 | D:1      | Found a faded altar of an unknown god.
    49 | D:1      | HP: 1/10 [ball python (2)]
   399 | D:1      | HP: 1/11 [dart slug/slug dart (6)]
   401 | D:1      | Reached XP level 2. HP: 1/16 MP: 3/6
   785 | D:1      | Reached skill level 5 in Summonings
   920 | D:1      | You pick up a book of Necromancy and begin reading...
   920 | D:1      | You add the spells Pain, Animate Skeleton, Vampiric
                  | Draining, Animate Dead and Agony to your library.
  1890 | D:1      | Reached skill level 1 in Fighting
  1952 | D:2      | Learned a level 1 spell: Animate Skeleton
  1965 | D:2      | HP: 4/16 [frozen (1)]
  2270 | D:2      | Reached XP level 3. HP: 20/20 MP: 4/7
  2651 | D:2      | You pick up a book of Cantrips and begin reading...
  2651 | D:2      | You add the spells Corona and Apportation to your library.
  2939 | D:2      | Identified a scroll of acquirement
  2939 | D:2      | Acquired a +1 buckler of protection
  2949 | D:2      | Learned a level 2 spell: Call Imp
  3147 | D:3      | Reached XP level 4. HP: 22/25 MP: 4/8
  3389 | D:3      | Reached skill level 1 in Polearms
  3390 | D:3      | Found a sparkling altar of Nemelex Xobeh.
  3996 | D:4      | Found a staircase to the Ecumenical Temple.
  4107 | D:4      | HP: 6/25 [orc wizard/magic dart (10)]
  4128 | D:4      | HP: 4/25 [something (3)]
  4133 | D:4      | Slain by an orc wizard

Vanquished Creatures
  An orc wizard (D:4)
  An adder (D:4)
  An orc (D:3)
  3 bats
  3 goblins
  2 hobgoblins (D:1)
  A jackal (D:3)
  A quokka (D:3)
  3 ball pythons
  A rat (D:3)
17 creatures vanquished.

Vanquished Creatures (collateral kills)
  5 adders
  A worm (D:2)
  A dart slug (D:1)
  2 bats (D:1)
  7 endoplasms
  A giant cockroach (D:2)
  4 goblins
  3 hobgoblins (D:1)
  3 jackals (D:3)
  3 kobolds
  6 ball pythons
  4 rats
40 creatures vanquished.

Grand Total: 57 creatures vanquished

Table legend:
 A = Non-vault XP
 B = Vault XP
 C = Vault XP percentage of total XP
 D = Non-vault monster count
 E = Vault monster count
 F = Vault count percentage of total count
                 A         B        C        D         E       F
            +---------+---------+-------+---------+---------+-------
      Total |     153 |       0 |   0.0 |      57 |       0 |   0.0
            +---------+---------+-------+---------+---------+-------
        D:1 |      29 |       0 |   0.0 |      24 |       0 |   0.0
        D:2 |      36 |       0 |   0.0 |      13 |       0 |   0.0
        D:3 |      33 |       0 |   0.0 |      16 |       0 |   0.0
        D:4 |      55 |       0 |   0.0 |       4 |       0 |   0.0
            +---------+---------+-------+---------+---------+-------

Illustrated notes

Table legend:
 A = Kills in this place as a percentage of kills in entire the game.
 B = Kills by you in this place as a percentage of kills by you in the entire game.
 C = Kills by friends in this place as a percentage of kills by friends in the entire game.
 D = Other kills in this place as a percentage of other kills in the entire game.
 E = Experience gained in this place as a percentage of experience gained in the entire game.
 F = Experience gained in this place divided by the number of levels of this place that you have seen.
                   A       B       C       D       E      F
               +-------+-------+-------+-------+-------+----------------------
         Total | 100.0 | 100.0 | 100.0 |   N/A | 100.0 |  38.2
       Dungeon | 100.0 | 100.0 | 100.0 |   N/A | 100.0 |  38.2
               +-------+-------+-------+-------+-------+----------------------

Table legend: (Time is in decaauts)
 A = Elapsed time spent in this place.
 B = Non-inter-level travel time spent in this place.
 C = Inter-level travel time spent in this place.
 D = Time resting spent in this place.
 E = Time spent auto-exploring this place.
 F = Levels seen in this place.
 G = Mean time per level.
                   A        B        C        D        E       F      G
               +--------+--------+--------+--------+--------+-----+--------+
         Total |   4145 |   4028 |    117 |     85 |   3345 |   4 | 1036.2 |
       Dungeon |   4145 |   4028 |    117 |     85 |   3345 |   4 | 1036.2 |
               +--------+--------+--------+--------+--------+-----+--------+

Top non-repeatable levels by time:
     D:1: 1938 daAuts
     D:2: 1037 daAuts
     D:3: 851 daAuts
     D:4: 317 daAuts
